 Seeded DCSS version 0.29-a0-397-g846e4a0bbc (webtiles) character file.

Game seed: 10355376115740848564 (custom seed)

116358 bwicke the Whirler (level 16, -5/112 HPs)
             Began as a Barachi Arcane Marksman on May 8, 2022.
             Was the Champion of Hepliaklqana.
             Killed from afar by a thorn hunter (42 damage)
             ... with a volley of thorns
             ... on level 2 of the Swamp on May 11, 2022.
             The game lasted 04:20:47 (27911 turns).

bwicke the Whirler (Barachi Arcane Marksman)       Turns: 27911, Time: 04:20:48

Health: -5/112     AC: 16    Str: 16    XL:     16   Next: 71%
Magic:  22/24      EV: 22    Int: 20    God:    Hepliaklqana [******]
Gold:   2460       SH:  9    Dex: 19    Spells: 7/30 levels left

rFire   + . .      SeeInvis .   u - +8 demon blade "Leech" {vamp, Harm Drain rN+}
rCold   . . .      Faith    .   T - +2 buckler
rNeg    + . .      Spirit   .   R - +2 steam dragon scales
rPois   +          Reflect  .   e - +2 hat
rElec   .          Harm     +   H - +2 cloak {Will+}
rCorr   .          Rampage  .   A - +2 pair of gloves
Will    +++..                   S - +2 pair of boots of the Stars {*Corrode +Inv Str+5 Int+4}
Stlth   ++........              Z - amulet of magic regeneration
HPRegen 0.28/turn               m - +4 ring of evasion
MPRegen 0.59/turn               V - ring of the Cricket {Wiz +Blink rPois rF+}

@: corroded, slow
A: reduced essence, amphibious, slowness 1, strong legs 2, +LOS, low MP 1,
strong-willed 1, MP-powered wands
a: Hop, Renounce Religion, Evoke Blink, Evoke Invisibility, Recall Ancestor,
Ancestor Identity, Transference, Idealise


You were on level 2 of the Swamp.
You worshipped Hepliaklqana.
Hepliaklqana was exalted by your worship.
You visited 5 branches of the dungeon, and saw 26 of its levels.
You also visited: Volcano.

You collected 3309 gold pieces.
You spent 849 gold pieces at shops.

Inventory:

Hand Weapons
 a - the +7 Throatcutter {drain, coup de grace}
   (You took it off Terence on level 2 of the Dungeon)

   A truly terrible weapon, it drains the life of any living foe it strikes.
   It may instantly kill foes which have little health.
 b - a +9 fustibalus of freezing
 p - the +8 falchion of the Ass {protect, rF- rC+++ Dex+2}
   (You found it on level 2 of the Lair of Beasts)

   It grants its wielder temporary protection when it strikes (+7 to AC).
   Dex:       It affects your dexterity (+2).
   rF:        It makes you vulnerable to fire.
   rC:        It renders you almost immune to cold.
 r - the +7 rapier of the Big Bang {vorpal, rElec Dex+3 Stlth+}
   (You found it on level 13 of the Dungeon)

   It inflicts extra damage upon your enemies.
   Dex:       It affects your dexterity (+3).
   rElec:     It insulates you from electricity.
   Stlth:     It makes you more stealthy.
 u - the +8 demon blade "Leech" (weapon) {vamp, Harm Drain rN+}
   (You took it off a deep elf zephyrmancer on level 1 of the Orcish Mines)

   It heals its wielder for a portion of the damage dealt every time it strikes
   a living foe.
   rN:        It protects you from negative energy.
   Drain:     It drains your maximum health when unequipped.
   Harm:      It increases damage dealt and taken.
 x - a +1 antimagic hand axe
 I - a +2 great sword of holy wrath
 K - a +8 dagger of electrocution
Missiles
 N - 2 silver javelins
 O - 48 poisoned darts
Armour
 e - a +2 hat (worn)
 A - a +2 pair of gloves (worn)
 H - a +2 cloak of willpower (worn)
 L - a +2 robe of the Archmagi
 P - a +3 leather armour of positive energy
 R - +2 steam dragon scales (worn)
 S - the +2 pair of boots of the Stars (worn) {*Corrode +Inv Str+5 Int+4}
   (You found it on level 14 of the Dungeon)

   Str:       It affects your strength (+5).
   Int:       It affects your intelligence (+4).
   +Inv:      It lets you turn invisible.
   *Corrode:  It may corrode you when you take damage.
 T - a +2 buckler (worn)
Jewellery
 j - the ring of the Sharing Priest {+Blink rF+ AC+4 Int+7 Dex-3}
   (You acquired it on level 5 of the Lair of Beasts)

   [ring of protection]

   AC:        It affects your AC (+4).
   Int:       It affects your intelligence (+7).
   Dex:       It affects your dexterity (-3).
   rF:        It protects you from fire.
   +Blink:    It lets you blink.
 m - a +4 ring of evasion (left hand)
 t - an amulet of regeneration
 v - a ring of flight
 w - an amulet of reflection
 B - a ring of see invisible
 V - the ring of the Cricket (right hand) {Wiz +Blink rPois rF+}
   (You bought it in a shop on level 1 of the Dungeon)

   [ring of wizardry]

   It improves your spell success rate.
   rF:        It protects you from fire.
   rPois:     It protects you from poison.
   +Blink:    It lets you blink.
 Z - an amulet of magic regeneration (around neck)
Wands
 g - a wand of paralysis (11)
 n - a wand of flame (37)
 D - a wand of iceblast (9)
 U - a wand of polymorph (11)
Scrolls
 c - 8 scrolls of vulnerability
 d - 9 scrolls of teleportation
 f - 5 scrolls of fear
 q - 5 scrolls of poison
 s - 3 scrolls of silence
 y - a scroll of blinking
 F - 4 scrolls of immolation
 G - 3 scrolls of enchant armour
 X - 3 scrolls of fog
Potions
 h - 3 potions of resistance
 i - 2 potions of magic
 k - 4 potions of lignification
 l - 2 potions of berserk rage
 o - 12 potions of curing
 z - 4 potions of might
 C - a potion of heal wounds
 E - a potion of attraction
 J - 5 potions of ambrosia
 Q - 3 potions of brilliance
 W - 3 potions of haste
 Y - a potion of invisibility
Miscellaneous
 M - a condenser vane


   Skills:
 - Level 11.0 Fighting
 - Level 1.1(4.7) Short Blades
 - Level 8.0(8.1) Long Blades
 - Level 15.5 Slings
 - Level 8.0 Armour
 - Level 10.4 Dodging
 - Level 10.0 Shields
 + Level 7.6 Spellcasting
 - Level 8.1 Hexes
 - Level 4.4 Translocations
 - Level 4.3 Fire Magic
 - Level 5.6 Ice Magic
 - Level 6.0 Earth Magic
 - Level 8.1 Invocations
 - Level 8.1 Evocations


You had 7 spell levels left.
You knew the following spells:

 Your Spells              Type           Power      Damage    Failure   Level
a - Slow                  Hex            100%       N/A       1%          1
b - Portal Projectile     Hex/Tloc       64%        N/A       1%          3
c - Inner Flame           Hex/Fire       32%        N/A       1%          3
d - Cause Fear            Hex            20%        N/A       1%          4
e - Teleport Other        Tloc           25%        N/A       1%          3
f - Passwall              Tmut/Erth      15%        N/A       1%          2
g - Ozocubu's Armour      Ice            30%        N/A       1%          3
h - Leda's Liquefaction   Hex/Erth       18%        N/A       2%          4

Your spell library contained the following spells:

 Spells                   Type           Power      Damage    Failure   Level
 Sandblast                Erth           62%        2d14      1%          1
 Gell's Gravitas          Tloc           25%        N/A       1%          3
 Lesser Beckoning         Tloc           25%        N/A       1%          3
 Stone Arrow              Conj/Erth      38%        3d9       3%          3
 Pain                     Necr           28%        1d5       4%          1
 Conjure Flame            Conj/Fire      16%        6-21      5%          3
 Corpse Rot               Necr/Air       14%        N/A       6%          2
 Sublimation of Blood     Necr           7%         N/A       6%          2
 Ignite Poison            Fire/Tmut/Pois 13%        N/A       7%          3
 Petrify                  Tmut/Erth      19%        N/A       12%         4
 Call Canine Familiar     Summ           7%         N/A       13%         3
 Hailstorm                Conj/Ice       18%        3d6       13%         4
 Sticky Flame             Conj/Fire      16%        2d4       17%         4
 Borgnjor's Vile Clutch   Necr/Erth      9%         N/A       32%         5
 Animate Dead             Necr           3%         N/A       38%         4
 Freezing Cloud           Conj/Ice/Air   7%         6-21      45%         5
 Agony                    Necr           7%         N/A       71%         5
 Excruciating Wounds      Necr           3%         N/A       71%         5
 Irradiate                Conj/Tmut      3%         3d14      71%         5
 Simulacrum               Ice/Necr       9%         N/A       87%         6
 Ozocubu's Refrigeration  Ice            15%        4d8       96%         7
 Death Channel            Necr           3%         N/A       99%         6
 Death's Door             Necr           3%         N/A       100%        9
 Polar Vortex             Ice            15%        N/A       100%        9


Dungeon Overview and Level Annotations

Branches:
Dungeon (15/15)            Temple (1/1) D:4            Lair (6/6) D:9
  Swamp (2/4) Lair:4       Spider (0/4) Lair:3        Slime (0/5) Lair:5
    Orc (2/2) D:12            Elf (0/3) Orc:2        Vaults (0/5) D:14
 Depths (0/4) D:15        Volcano (visited)

Altars:
Ashenzari
Cheibriados
Dithmenos
Elyvilon
Fedhas
Gozag
Hepliaklqana
Kikubaaqudgha
Makhleb
Nemelex Xobeh
Okawaru
Qazlal
Ru
Sif Muna
Trog
Uskayaw
Vehumet
Wu Jian
Xom
Yredelemnul
Zin
The Shining One
Beogh

Shops:
D:1 =   D:5 !   D:7 *   Orc:2 :!*[

Portals:
Trove: D:11 (give +4 fire dragon scales)


Innate Abilities, Weirdness & Mutations

Your life essence is reduced to manifest your ancestor. (-10% HP)
You are amphibious.
You cover ground slowly.
You can hop long distances.
You have an extended range of vision and can be seen from far away.
Your magical capacity is low. (-10% MP)
You are strong-willed. (Will+)
You expend magic power (3 MP) to strengthen your wands.


Message History

Okay, then.
Unknown command.
Okay, then.
Unknown command.
Press: ? - help, v - describe, . - travel
Here: a thorn hunter (almost destroyed) Some shallow water.
Okay, then.
Unknown command.
Aiming: Iceblast
Press: ? - help, Shift-Dir - straight line
Okay, then.
Unknown command.
Aiming: Throw Flame
Press: ? - help, Shift-Dir - straight line, f - thorn hunter
Aim: a thorn hunter (almost destroyed, 81% to hit)
You feel a surge of power!
The puff of flame hits the thorn hunter but does no damage.
The thorn hunter is almost destroyed.
The thorn hunter gestures.
Thorny briars emerge from the ground!
Okay, then.
Blink to where?
Press: ? - help, Dir - move target, p - thorn hunter
Found 11 gold pieces and a wand of iceblast (3).
As you read the scroll of blinking, it crumbles to dust.
The thorn hunter gestures.
Thorny briars emerge from the ground!
The thorn hunter is engulfed in a cloud of scalding steam.
You feel much better.
Aiming: Throw Flame
Press: ? - help, Shift-Dir - straight line, f - thorn hunter
Aim: a thorn hunter (severely damaged, 81% to hit)
You feel a surge of power!
The puff of flame hits the thorn hunter.
The thorn hunter is burned terribly!
The thorn hunter is almost destroyed.
The thorn hunter fires a volley of thorns at you.
The volley of thorns hits you!!
You die...

♣..≈.≈♣♣...♣≈.#.†....≈.♣♣.♣♣
♣♣...♣♣♣[..§≈..#.####......♣
♣♣≈§♣♣.>≈≈...............♣♣
♣♣≈♣♣<.§≈.≈≈≈≈)........♣♣
♣♣≈≈♣..≈.^≈.≈≈≈≈†...♣.≈.♣
♣$≈≈§≈≈...♣...≈≈.♣≈....♣♣♣
♣♣≈§≈..≈..♣♣♣♣♣≈.♣.≈≈≈.♣.♣
♣..≈.f§..♣ ♣..♣♣≈..≈..≈
♣♣.≈.≈♣♣@♣♣ ♣≈≈.♣♣♣.≈..♣
♣≈≈§≈.♣.≈♣♣♣♣..♣♣ ♣♣.≈♣♣
♣≈...≈≈..≈PP♣♣.♣ ♣...♣
♣≈...≈≈≈.≈PP♣♣.. ♣♣≈♣♣
♣..♣..≈≈.≈PP..≈ ♣♣♣


♣.§PP♣PPPPPPP.♣≈≈ ♣.≈≈PPPPPPPPPP♣♣ . ...≈≈..♣.≈...♣♣♣ .≈≈/§♣.≈.≈.♣♣♣ You could
see a thorn hunter.

Vanquished Creatures
  Frances (Swamp:1)
  A thorn hunter (Swamp:2)
  An orc warlord (D:14)
  2 slime creatures
  An entropy weaver (shapeshifter) (D:14)
  A bunyip (Swamp:2)
  Snorg (Orc:1)
  A shambling mangrove (Swamp:2)
  An ice dragon (D:15)
  6 boulder beetles
  2 catoblepae
  2 ghost crabs
  4 hydras
  Erica (D:8)
  A death knight (D:14)
  6 centaur warriors
  3 alligators (Swamp:1)
  3 two-headed ogres
  A death yak (Lair:4)
  5 orc high priests
  A deep elf knight (Orc:1)
  2 skeletal warriors (Volcano)
  3 large abominations (D:13)
  A goliath frog (Swamp:2)
  A bog body (Swamp:1)
  7 orc knights
  A swamp dragon (Swamp:2)
  3 deep elf pyromancers
  3 ugly things
  2 deep elf zephyrmancers (Orc:1)
  A manticore (D:13)
  3 orc sorcerers (Orc:1)
  3 cyclopes
  5 elephants (Lair:3)
  4 black mambas
  2 gargoyles (Volcano)
  9 cane toads
  An efreet (D:15)
  4 komodo dragons
  3 kobold demonologists
  An unseen horror (D:11)
  4 yaktaurs
  A tengu conjurer (D:15)
  3 trolls
  2 tyrant leeches
  5 polar bears
  11 hornets
  9 blink frogs
  3 dream sheep (Lair:6)
  A culicivora (Lair:3)
  A flying skull (Volcano)
  14 yaks
  3 vampires
  18 spriggans
  An alligator skeleton (Volcano)
  3 basilisks
  A wraith (D:12)
  2 fire bats (Lair:2)
  2 steam dragons
  2 hogs (Swamp:2)
  4 redbacks (Lair:3)
  4 vampire mosquitoes
  2 wargs
  6 swamp worms
  An acid dragon (D:9)
  7 water moccasins
  A swamp drake (shapeshifter) (D:14)
  A swamp drake (Swamp:1)
  An ice beast (D:6)
  30 orc warriors
  3 black bears
  3 boggarts (Lair:6)
  A sky beast (D:6)
  4 ogres
  12 wolves
  16 centaurs
  3 kobold brigands (D:11)
  A phantom (D:4)
  8 bullfrogs
  5 small abominations (D:13)
  9 scorpions
  7 wights
  4 killer bees (D:9)
  4 howler monkeys
  An electric eel (Lair:2)
  A jelly (D:3)
  21 orc priests
  3 hounds
  Jessica (D:2)
  13 orc wizards
  Ijyb (D:3)
  Terence (D:2)
  3 iguanas
  Natasha (thrice) (D:3)
  A hell rat (Lair:2)
  A naga skeleton (Volcano)
  10 gnolls
  6 adders
  2 shadow imps
  An ufetubus (D:6)
  3 worms
  4 dart slugs
  63 orcs
  3 endoplasms
  6 giant cockroaches
  8 goblins
  5 hobgoblins
  4 jackals (D:3)
  15 kobolds
  7 quokkas
  5 ball pythons
  6 bats
  2 frilled lizards (D:1)
  8 rats
535 creatures vanquished.

Vanquished Creatures (collateral kills)
  Kirke (Swamp:2)
  An orc warlord (Orc:1)
  The ghost of Onwo the Blocker, a journeyman DDNe of Uskayaw (D:14)
  3 eleionomae
  Nessos (Orc:2)
  An ice dragon (D:15)
  3 hydras
  An alligator (Swamp:1)
  2 centaur warriors
  2 death yaks (Lair:4)
  A two-headed ogre (D:9)
  A tengu warrior (D:14)
  2 orc high priests (Orc:2)
  2 large abominations (D:13)
  A wizard (D:13)
  6 orc knights
  3 bog bodies
  2 ugly things (D:15)
  A manticore (D:13)
  An elephant (Lair:3)
  A black mamba (Lair:3)
  2 gargoyles
  6 cane toads
  A kobold demonologist (D:8)
  2 rime drakes
  3 trolls
  4 komodo dragons
  2 polar bears (Lair:6)
  A harpy skeleton (Volcano)
  3 hornets
  7 blink frogs
  4 slime creatures
  A dream sheep (Lair:6)
  A jumping spider (Lair:3)
  2 flying skulls (Volcano)
  5 spriggans
  A yak (shapeshifter) (D:14)
  A vampire (D:11)
  5 wyverns
  2 wraiths (D:12)
  4 basilisks
  A yak (Lair:1)
  3 hogs (Swamp:2)
  2 fire bats (Lair:2)
  2 vampire mosquitoes
  An acid dragon (D:13)
  A swamp worm (Lair:4)
  4 water moccasins
  2 hell hounds (Lair:2)
  An ice beast (D:7)
  18 orc warriors
  A black bear (D:7)
  An ogre (Orc:2)
  10 wolves
  5 centaurs
  2 kobold brigands
  5 bullfrogs
  A scorpion (Lair:1)
  A necrophage (D:8)
  2 wights (D:8)
  5 killer bees (D:9)
  5 howler monkeys
  2 electric eels (Lair:4)
  2 spriggan skeletons (Volcano)
  6 orc priests
  Crazy Yiuf (D:5)
  A hound (D:6)
  A gnoll shaman (D:5)
  An iguana (D:6)
  2 orc wizards
  6 hell rats (Lair:2)
  2 small abominations (D:13)
  An adder (D:6)
  2 gnolls
  26 orcs
  4 kobolds
  5 butterflies
229 creatures vanquished.

Vanquished Creatures (others)
  A spriggan druid (Swamp:2)
  2 hornets (Swamp:2)
  An ogre (Orc:1)
  24 battlemagi
  2 ancestors
  54 fungi
  34 plants
  4 toadstools (D:13)
122 creatures vanquished.

Grand Total: 886 creatures vanquished

Notes
Turn   | Place    | Note
-------+----------+-------------------------------------------
     0 | D:1      | bwicke the Barachi Arcane Marksman began the quest for the
                  | Orb.
     0 | D:1      | Reached XP level 1. HP: 15/15 MP: 2/2
   300 | D:1      | Reached XP level 2. HP: 20/21 MP: 3/3
   317 | D:1      | Found Fouz's Jewellery Boutique.
   931 | D:1      | Reached skill level 3 in Slings
  1355 | D:1      | Reached XP level 3. HP: 26/26 MP: 4/4
  1713 | D:2      | Noticed Terence
  1725 | D:2      | Killed Terence
  1730 | D:2      | Reached skill level 4 in Slings
  1730 | D:2      | Reached XP level 4. HP: 21/32 MP: 3/5
  1760 | D:2      | Found a faded altar of an unknown god.
  2383 | D:2      | Noticed Jessica
  2390 | D:2      | Killed Jessica
  2391 | D:2      | Reached XP level 5. HP: 41/41 MP: 6/6
  2842 | D:3      | Noticed Ijyb
  2846 | D:3      | Killed Ijyb
  3004 | D:3      | Reached skill level 5 in Fighting
  3004 | D:3      | Reached XP level 6. HP: 40/51 MP: 7/7
  3273 | D:3      | Noticed Natasha
  3278 | D:3      | Killed Natasha
  3345 | D:3      | Noticed Natasha
  3347 | D:3      | Killed Natasha
  3426 | D:3      | Noticed Natasha
  3428 | D:3      | Killed Natasha
  3468 | D:3      | Found a shimmering blue altar of Sif Muna.
  3811 | D:4      | Reached XP level 7. HP: 53/60 MP: 8/8
  3812 | D:4      | Found a staircase to the Ecumenical Temple.
  3822 | Temple   | Entered the Ecumenical Temple
  3966 | Temple   | Became a worshipper of Hepliaklqana the Forgotten
  4162 | D:4      | Reached skill level 5 in Hexes
  5031 | D:5      | Entered Level 5 of the Dungeon
  5054 | D:5      | Reached XP level 8. HP: 46/67 MP: 9/9
  5184 | D:5      | Reached * piety under Hepliaklqana
  5320 | D:5      | Found Arezad's Distillery.
  5325 | D:5      | Bought a potion of curing for 39 gold pieces
  5423 | D:5      | Noticed a yak
  5424 | D:5      | Noticed a yak
  5426 | D:5      | Noticed a yak
  5431 | D:5      | Killed a yak
  5434 | D:5      | Reached skill level 1 in Translocations
  5434 | D:5      | Killed a yak
  5440 | D:5      | Killed a yak
  5445 | D:5      | Learned a level 3 spell: Portal Projectile
  5449 | D:5      | Learned a level 3 spell: Inner Flame
  5504 | D:5      | Reached skill level 1 in Fire Magic
  5722 | D:5      | Found a runed translucent door.
  5723 | D:5      | Noticed Crazy Yiuf
  5729 | D:5      | Killed Crazy Yiuf
  5877 | D:6      | Reached XP level 9. HP: 59/64 MP: 10/10
  6238 | D:6      | Found a snail-covered altar of Cheibriados.
  6261 | D:6      | Reached skill level 5 in Spellcasting
  6444 | D:6      | Reached ** piety under Hepliaklqana
  6445 | D:6      | Remembered your ancestor Gnaeus as a battlemage
  6732 | D:6      | Found a stormy altar of Qazlal.
  6829 | D:7      | Reached skill level 5 in Slings
  7169 | D:7      | Learned a level 4 spell: Cause Fear
  7173 | D:7      | Learned a level 3 spell: Teleport Other
  7474 | D:7      | Found Tit Oril's Assorted Antiques.
  7566 | D:8      | Reached skill level 6 in Slings
  7711 | D:8      | Reached *** piety under Hepliaklqana
  7782 | D:8      | Reached skill level 7 in Slings
  7782 | D:8      | Reached XP level 10. HP: 65/71 MP: 10/17
  7868 | D:8      | Got the Grimoire of Stolen Souls and the Frostbite
  8256 | D:8      | Noticed a kobold demonologist
  8256 | D:8      | Noticed Erica
  8262 | D:8      | Killed Erica
  8263 | D:8      | Reached skill level 8 in Slings
  8265 | D:8      | Killed a kobold demonologist
  8266 | D:8      | Reached skill level 9 in Slings
  8650 | D:8      | Found a glowing silver altar of Zin.
  8650 | D:8      | Noticed an angel
  8948 | D:9      | Noticed a two-headed ogre
  8972 | D:9      | Killed a two-headed ogre
  8973 | D:9      | Reached skill level 10 in Slings
  9126 | D:9      | Found a broken altar of Ashenzari.
  9219 | D:9      | Found a staircase to the Lair.
  9223 | D:9      | Noticed a two-headed ogre
  9238 | D:9      | Killed a two-headed ogre
  9239 | D:9      | Reached skill level 11 in Slings
  9242 | D:9      | Reached XP level 11. HP: 47/75 MP: 8/18
  9443 | D:9      | Noticed a two-headed ogre
  9448 | D:9      | Killed a two-headed ogre
  9449 | D:9      | Reached skill level 12 in Slings
  9449 | D:9      | Reached skill level 1 in Invocations
  9560 | D:10     | Entered Level 10 of the Dungeon
  9591 | D:10     | Reached **** piety under Hepliaklqana
  9841 | D:10     | Noticed a two-headed ogre
  9846 | D:10     | Killed a two-headed ogre
 10156 | D:11     | Noticed a boulder beetle
 10183 | D:11     | Killed a boulder beetle
 10425 | D:11     | Reached skill level 5 in Invocations
 10753 | D:11     | Found a portal to a secret trove of treasure.
 10797 | D:11     | Noticed a centaur warrior
 10801 | D:11     | Killed a centaur warrior
 11011 | Lair:1   | Entered Level 1 of the Lair of Beasts
 11191 | D:1      | Bought the ring of the Cricket {Wiz +Blink rPois rF+} for
                  | 552 gold pieces
 11460 | D:12     | Noticed a seven-headed hydra
 11466 | D:12     | Killed a seven-headed hydra
 11467 | D:12     | Reached skill level 5 in Dodging
 11563 | D:12     | Reached XP level 12. HP: 81/81 MP: 19/19
 11646 | D:12     | Found a staircase to the Orcish Mines.
 12393 | D:12     | Noticed a centaur warrior
 12400 | D:12     | Killed a centaur warrior
 12551 | D:12     | Noticed a boulder beetle
 12561 | D:12     | Killed a boulder beetle
 12644 | D:12     | Noticed a centaur warrior
 12648 | D:12     | Killed a centaur warrior
 12800 | D:12     | Reached skill level 10 in Fighting
 12800 | D:12     | Reached skill level 1 in Evocations
 13320 | Lair:1   | Reached skill level 5 in Evocations
 13433 | Lair:1   | Gained mutation: You can hop long distances. [Barachi
                  | growth]
 13433 | Lair:1   | Reached XP level 13. HP: 92/92 MP: 20/20
 13969 | Lair:2   | Upgraded the game from 0.29-a0-392-g297d3b089c to
                  | 0.29-a0-393-g47a863cc1b
 14065 | Lair:2   | Found a shimmering blue altar of Sif Muna.
 14195 | Lair:2   | Found a dark tunnel.
 14218 | Volcano  | Entered a volcano
 14256 | Volcano  | Reached ***** piety under Hepliaklqana
 15134 | Lair:2   | Identified the +8 falchion of the Ass {protect, rF- rC+++
                  | Dex+2}
 15181 | Lair:2   | Gained mutation: You have very sharp teeth. [potion of
                  | mutation]
 15182 | Lair:2   | Lost mutation: You have very sharp teeth. [potion of
                  | mutation]
 15182 | Lair:2   | Gained mutation: Armour fits poorly on your strangely
                  | shaped body. [potion of mutation]
 15182 | Lair:2   | Gained mutation: You have large cloven feet. [potion of
                  | mutation]
 15182 | Lair:2   | Gained mutation: You expend magic power (3 MP) to
                  | strengthen your wands. [potion of mutation]
 15605 | Lair:3   | Reached skill level 13 in Slings
 15636 | Lair:3   | Reached skill level 10 in Dodging
 15882 | Lair:3   | Reached skill level 1 in Long Blades
 15967 | Lair:3   | Found a hole to the Spider Nest.
 16584 | Lair:4   | Reached XP level 14. HP: 87/99 MP: 17/21
 16888 | Lair:4   | Reached skill level 5 in Long Blades
 17275 | Lair:4   | Found a staircase to the Swamp.
 17870 | Lair:5   | Reached skill level 1 in Short Blades
 18140 | Lair:5   | Identified a scroll of acquirement
 18141 | Lair:5   | Acquired the ring of the Sharing Priest {+Blink rF+ AC+4
                  | Int+7 Dex-3}
 18260 | Lair:5   | Found a staircase to the Slime Pits.
 18740 | Lair:6   | Entered Level 6 of the Lair of Beasts
 18989 | Lair:6   | Lost mutation: You have large cloven feet. [potion of
                  | mutation]
 18989 | Lair:6   | Lost mutation: Armour fits poorly on your strangely shaped
                  | body. [potion of mutation]
 18989 | Lair:6   | Gained mutation: You are strong-willed. (Will+) [potion of
                  | mutation]
 19022 | Lair:6   | Reached skill level 1 in Shields
 19501 | Lair:6   | Reached skill level 5 in Shields
 21402 | D:13     | Reached XP level 15. HP: 106/106 MP: 13/22
 21433 | D:13     | Identified the +7 rapier of the Big Bang {vorpal, rElec
                  | Dex+3 Stlth+}
 21693 | D:14     | Reached skill level 10 in Shields
 21699 | D:14     | Reached skill level 1 in Ice Magic
 21794 | D:14     | Found a runed translucent gate.
 21795 | D:14     | Found a runed translucent gate.
 21795 | D:14     | Noticed Onwo's ghost (journeyman DDNe)
 21796 | D:14     | Found a runed translucent gate.
 21798 | D:14     | Noticed an orc warlord
 21904 | D:14     | Found a gate to the Vaults.
 21971 | D:14     | Noticed a ghost moth
 21974 | D:14     | a ghost moth changed into an entropy weaver
 22160 | D:14     | Learned a level 2 spell: Passwall
 22164 | D:14     | Learned a level 3 spell: Ozocubu's Armour
 22169 | D:14     | Learned a level 4 spell: Leda's Liquefaction
 22184 | D:14     | Killed Onwo's ghost
 22198 | D:14     | Gained mutation: Your magical capacity is low. (-10% MP) [a
                  | neqoxec]
 22573 | D:14     | Killed an orc warlord
 22605 | D:14     | Reached skill level 5 in Ice Magic
 22716 | D:14     | Identified the +2 pair of boots of the Stars {*Corrode +Inv
                  | Str+5 Int+4}
 22826 | D:15     | Entered Level 15 of the Dungeon
 22839 | D:15     | Reached skill level 1 in Earth Magic
 23653 | D:15     | Reached skill level 5 in Earth Magic
 23667 | D:15     | Found a staircase to the Depths.
 23967 | Orc:1    | Entered Level 1 of the Orcish Mines
 24138 | Orc:1    | Noticed Snorg
 24149 | Orc:1    | Killed Snorg
 24384 | Orc:1    | Reached skill level 14 in Slings
 24634 | Orc:1    | Noticed an orc warlord
 24650 | Orc:1    | Killed an orc warlord
 24869 | Orc:2    | Entered Level 2 of the Orcish Mines
 25001 | Orc:2    | Found a staircase to the Elven Halls.
 25052 | Orc:2    | Reached ****** piety under Hepliaklqana
 25211 | Orc:2    | Noticed Nessos
 25212 | Orc:2    | Upgraded the game from 0.29-a0-393-g47a863cc1b to
                  | 0.29-a0-397-g846e4a0bbc
 25625 | Orc:2    | Killed Nessos
 25660 | Orc:2    | Reached XP level 16. HP: 69/112 MP: 12/21
 25706 | Orc:2    | Reached skill level 15 in Slings
 25883 | Orc:2    | Found Honnio Egru's Distillery.
 25887 | Orc:2    | Found Hyipliel's Armour Emporium.
 25889 | Orc:2    | Found Ziniel's General Store.
 25890 | Orc:2    | Found Hiocucovia's Book Emporium.
 25899 | Orc:2    | Bought a +2 pair of gloves for 198 gold pieces
 25899 | Orc:2    | Bought a potion of heal wounds for 60 gold pieces
 26259 | Swamp:1  | Entered Level 1 of the Swamp
 26265 | Swamp:1  | Reached skill level 1 in Armour
 26546 | Swamp:1  | Reached skill level 5 in Armour
 26547 | Swamp:1  | Noticed Frances
 26833 | Swamp:1  | Killed Frances
 26847 | Swamp:1  | Identified the +0 robe of Zeminn {Str+3}
 27411 | Swamp:2  | Noticed a thorn hunter
 27422 | Swamp:2  | Killed a thorn hunter
 27752 | Swamp:2  | Noticed Kirke
 27772 | Swamp:2  | Noticed a sphinx
 27775 | Swamp:2  | Killed Kirke
 27874 | Swamp:2  | Noticed a thorn hunter
 27902 | Swamp:2  | HP: 3/112 [thorn hunter/volley of thorns (39)]
 27911 | Swamp:2  | Killed from afar by a thorn hunter

Illustrated notes

Levels and vault maps discovered:
D:1:      matt_arrival_grand_opening, layout_loops_corners, serial_shops,
          nicolae_shop_crystal
D:2:      layout_loops_corners, hellmonk_ecumenical_altar_blasted, uniq_jessica,
          uniq_terence
D:3:      layout_loops_ring, nicolae_sif_muna_little_library, uniq_natasha,
          uniq_ijyb
D:4:      layout_basic, minmay_temple_entry_drinking_statues,
          hangedman_decor_push
D:5:      layout_loops_ring, serial_shops, nicolae_shop_hallway_plus,
          uniq_crazy_yiuf_cottage
D:6:      minmay_evil_eye, layout_loops_ring, lemuel_coloured_pillars_altar,
          minmay_ruined_shrine
D:7:      layout_loops_cross, nicolae_stop_n_shop_2, kennysheep_minor_cross,
          roderic_roman_lattice
D:8:      layout_layer_cave, zin_angel, hangedman_decor_points, uniq_erica
D:9:      layout_rooms, nicolae_ashenzari_skybound, dreamdust_mushroom_princess
D:10:     layout_roguey
D:11:     layout_small_grid, nicolae_trove_entry_crystal
D:12:     four-leaf_vault, layout_basic, david_orc_5, grunt_ministairs_6,
          kennysheep_generic_room_8
D:13:     layout_cave_pools, minmay_gold_behind_fungi, laboratory
D:14:     layout_rooms, david_vaults_2, biasface_ghost_orc_armoury,
          minmay_parallelograms
D:15:     grunt_enter_depths_hoard, layout_cave_pools, grunt_ministairs_7
Temple:   hc_temple_tempest_star
Lair:1:   layout_hall_layers
Lair:2:   layout_gridlike, enter_volcano_3, basic_altar, lemuel_fruit_fields
Lair:3:   layout_small_grid, nicolae_spider_entry_tight_spaces,
          lemuel_fruit_tree
Lair:4:   layout_misc_corridors, nicolae_swamp_entry_splash_gauntlet,
          serial_bayou_pond_e, nicolae_quartered_pool_super
Lair:5:   layout_cave_pods, slime_dummy, serial_bayou_shore_b,
          lemuel_fruit_fields
Lair:6:   minmay_lair_end_enchanted_forest, layout_regular_city
Swamp:1:  layout_falls_marsh, evilmike_swamp_ruin_house_4, swamp_pool1,
          uniq_frances
Swamp:2:  layout_falls_marsh, ebering_ghost_xom, evilmike_swamp_ruin_house_2,
          swamp_pool1, uniq_kirke
Orc:1:    layout_caves, elf_legates, uniq_snorg
Orc:2:    st_orc_pillars, layout_diamond_mine, mines1_david, uniq_nessos

Skill      XL: |  1  2  3  4  5  6  7  8  9 10 11 12 13 14 15 16 |
---------------+-------------------------------------------------+-----
Slings         | 3 4 7 11 12 13 14 15 | 15.5
Fighting       | 3 5 7 10 11 | 11.0
Hexes          | 4 6 8 |  8.1
Translocations | 4 |  4.4
Fire Magic     | 3 4 |  4.3
Spellcasting   | 5 7 |  7.6
Invocations    | 6 8 |  8.1
Dodging        | 6 9 10 | 10.4
Evocations     | 5 8 |  8.1
Long Blades    | 2 8 |  8.0
Short Blades   | 1 |  1.1
Shields        | 8 10 | 10.0
Ice Magic      | 5 |  5.6
Earth Magic    | 6 |  6.0
Armour         | 8 |  8.0

Action                   |  1- 3 |  4- 6 |  7- 9 | 10-12 | 13-15 | 16-18 || total
-------------------------+-------+-------+-------+-------+-------+-------++-------
Melee: Dagger            |    11 |       |       |       |    25 |     4 ||    40
       Long sword        |       |    45 |    30 |    74 |    43 |       ||   192
       Punch             |       |       |     1 |       |       |       ||     1
       Falchion          |       |       |       |       |    26 |       ||    26
       Quarterstaff      |       |       |       |       |     8 |       ||     8
       Flail             |       |       |       |       |     2 |       ||     2
       Demon blade       |       |       |       |       |       |    52 ||    52
 Fire: Hunting sling     |    96 |       |       |       |       |       ||    96
       Fustibalus        |       |    68 |   171 |   283 |   933 |   207 ||  1662
Throw: Dart              |       |       |       |     1 |       |       ||     1
       Throwing net      |       |       |       |       |     1 |       ||     1
 Cast: Slow              |     3 |       |       |     1 |     6 |       ||    10
       Portal Projectile |       |       |     3 |    11 |    33 |     8 ||    55
       Inner Flame       |       |       |     2 |    17 |    35 |     4 ||    58
       Cause Fear        |       |       |       |     5 |     1 |     1 ||     7
       Teleport Other    |       |       |       |       |     2 |       ||     2
       Leda's Liquefacti |       |       |       |       |     7 |     4 ||    11
       Ozocubu's Armour  |       |       |       |       |     5 |     3 ||     8
Invok: Ancestor Life: Ba |       |       |     1 |       |       |       ||     1
       Transference      |       |       |       |     2 |     3 |       ||     5
       Idealise          |       |       |       |     3 |     5 |       ||     8
       Recall Ancestor   |       |       |       |       |     5 |     2 ||     7
 Abil: Hop               |       |     1 |       |     6 |     4 |     3 ||    14
       Evoke Blink       |       |       |       |       |     1 |     1 ||     2
Evoke: Wand              |       |       |       |    13 |     7 |    11 ||    31
       Tin of tremorston |       |       |       |     2 |       |       ||     2
       Condenser vane    |       |       |       |     1 |     1 |       ||     2
  Use: Potion            |       |     1 |       |     1 |     7 |     5 ||    14
       Scroll            |       |     7 |     4 |    20 |    18 |     3 ||    52
 Stab: Distracted        |       |       |       |     1 |     1 |       ||     2
       Petrified         |       |       |       |       |     4 |       ||     4
       Invisible         |       |       |       |       |       |     2 ||     2
Armor: Robe              |    10 |    14 |     7 |     6 |       |       ||    37
       Skin              |       |     2 |       |       |       |       ||     2
       Steam dragon scal |       |       |       |    46 |   111 |    37 ||   194
Dodge: Dodged            |    49 |    44 |    33 |   138 |   296 |   117 ||   677
Block: Buckler           |       |       |       |       |    83 |    75 ||   158
       Reflection        |       |       |       |       |     2 |       ||     2

Table legend: (Time is in decaauts)
 A = Elapsed time spent in this place.
 B = Non-inter-level travel time spent in this place.
 C = Inter-level travel time spent in this place.
 D = Time resting spent in this place.
 E = Time spent auto-exploring this place.
 F = Levels seen in this place.
 G = Mean time per level.
                   A        B        C        D        E       F      G
               +--------+--------+--------+--------+--------+-----+--------+
         Total |  31362 |  29280 |   2082 |   3137 |  17228 |  27 | 1161.6 |
       Dungeon |  19367 |  17993 |   1374 |   1270 |  11915 |  15 | 1291.1 |
        Temple |    189 |    172 |     17 |      0 |     27 |   1 |  189.0 |
          Lair |   7483 |   6997 |    486 |    713 |   4372 |   6 | 1247.2 |
         Swamp |   1214 |   1195 |     19 |    280 |    377 |   2 |  607.0 |
  Orcish Mines |   2322 |   2138 |    184 |    491 |    534 |   2 | 1161.0 |
       Volcano |    785 |    785 |      0 |    383 |      0 |   1 |  785.0 |
               +--------+--------+--------+--------+--------+-----+--------+

Top non-repeatable levels by time:
     D:1: 1874 daAuts
    D:13: 1871 daAuts
    D:12: 1776 daAuts
  Lair:4: 1702 daAuts
     D:8: 1697 daAuts
  Lair:3: 1650 daAuts
     D:4: 1413 daAuts
     D:2: 1378 daAuts
  Lair:6: 1361 daAuts
   Orc:1: 1290 daAuts
    D:11: 1277 daAuts
     D:6: 1167 daAuts
    D:15: 1112 daAuts
    D:14: 1108 daAuts
     D:3: 1085 daAuts
